 Dungeon Crawl Stone Soup version 0.22-a0-533-g4d20840 (webtiles) character file.

3336 Supahsalami the Fighter (level 9, -3/82 HPs)
             Began as a Minotaur Berserker on June 20, 2018.
             Was a High Priest of Trog.
             Slain by a two-headed ogre
             ... wielding a +0 giant club
              (13 damage)
             ... on level 8 of the Dungeon on June 22, 2018.
             The game lasted 00:33:26 (7625 turns).

Supahsalami the Fighter (Minotaur Berserker)        Turns: 7625, Time: 00:33:27

Health: -3/82      AC: 13    Str: 40    XL:     9   Next: 72%
Magic:  8/8        EV: 14    Int:  0    God:    Trog [*****.]
Gold:   173        SH:  3    Dex: 10    Spells: 8/8 levels left

rFire    + . .     SeeInvis .   a - +7 mace "Citem" {venom, Str+3}
rCold    . . .     Gourm    .   (no shield)
rNeg     . . .     Faith    .   S - +2 scale mail of a sewer {-Cast Str+8 Int-4 Stlth+}
rPois    .         Spirit   .   k - +1 hat
rElec    .         Reflect  +   d - +0 cloak
rCorr    .         Harm     .   i - +0 pair of gloves
MR       ++...     NoCast   +   (no boots)
Stlth    +.........             l - +3 amulet of reflection
HPRegen  1.23/turn              F - ring of protection from fire
MPRegen  0.11/turn              q - +4 ring of strength

@: regenerating, slowed, lost intelligence, very slow
A: retaliatory headbutt, horns 2
a: Berserk, Trog's Hand, Brothers in Arms, Renounce Religion


You were on level 8 of the Dungeon.
You worshipped Trog.
Trog was extremely pleased with you.
You were not hungry.

You visited 2 branches of the dungeon, and saw 9 of its levels.
You also visited: Ossuary.

You collected 359 gold pieces.
You spent 186 gold pieces at shops.

Inventory:

Hand Weapons
 a - the +7 mace "Citem" (weapon) {venom, Str+3}
   (You found it on level 5 of the Dungeon)

   It poisons the flesh of those it strikes.
   It affects your strength (+3).
 b - a +1 hunting sling of velocity
 H - a +2 war axe of electrocution
 I - a +2 whip of freezing
Missiles
 o - 175 stones
 x - 4 tomahawks (quivered)
 O - 8 javelins
Armour
 d - a +0 cloak (worn)
 i - a +0 pair of gloves (worn)
 k - a +1 hat (worn)
 S - the +2 scale mail of a sewer (worn) {-Cast Str+8 Int-4 Stlth+}
   (You found it on level 8 of the Dungeon)

   It affects your strength (+8).
   It affects your intelligence (-4).
   It prevents spellcasting.
   It makes you more stealthy.
Jewellery
 l - a +3 amulet of reflection (around neck)
 q - a +4 ring of strength (right hand)
 r - an uncursed ring of magical power
 F - a ring of protection from fire (left hand)
Wands
 f - a wand of iceblast (9)
 J - a wand of digging (8)
 M - a wand of flame (35)
Scrolls
 h - 6 scrolls of remove curse
 j - a scroll of fog {unknown}
 m - 3 scrolls of magic mapping
 n - 6 scrolls of identify
 p - 3 scrolls of amnesia
 t - 2 scrolls of enchant armour
 u - a scroll of fear
 y - 2 scrolls of teleportation {unknown}
 E - a scroll of random uselessness {unknown}
 L - 2 scrolls of enchant weapon
Potions
 e - 6 potions of curing
 s - 2 potions of resistance
 v - a potion of mutation {unknown}
 w - 2 potions of ambrosia
 z - a potion of agility {unknown}
 A - a potion of might {unknown}
 B - a potion of heal wounds {unknown}
 C - a potion of magic {unknown}
 D - 2 potions of flight {unknown}
 G - a potion of haste {unknown}
 K - a potion of degeneration {unknown}
 N - 2 potions of berserk rage {unknown}
 P - a potion of lignification {unknown}
 R - a potion of invisibility {unknown}
Comestibles
 c - 12 rations
 Q - a chunk of flesh


   Skills:
 + Level 8.6 Fighting
 + Level 8.1(9.2) Axes
 * Level 6.8(8.6) Maces & Flails
 + Level 7.9 Armour
 + Level 7.2 Dodging


You had 8 spell levels left.
You didn't know any spells.
Your spell library was empty.

Dungeon Overview and Level Annotations

Branches:
Dungeon (8/15)             Temple (1/1) D:4
   Lair: D:8-11

Altars:
Ashenzari
Cheibriados
Dithmenos
Elyvilon
Fedhas
Gozag
Hepliaklqana
Kikubaaqudgha
Makhleb
Nemelex Xobeh
Okawaru
Qazlal
Ru
Sif Muna
Trog
Uskayaw
Vehumet
Wu Jian
Xom
Zin
The Shining One

Shops:
D:5 ?   D:6 %


Innate Abilities, Weirdness & Mutations

You reflexively headbutt those who attack you in melee.
You have a pair of horns on your head.


Message History

The bullfrog hits you but does no damage.
The bullfrog barely misses you.
You barely miss the bullfrog.
You kill the bullfrog!
Trog accepts your kill.
The two-headed ogre hits you with a giant club!
The two-headed ogre completely misses you.
The two-headed ogre hits you with a giant club.
The two-headed ogre hits you with a giant club!
The two-headed ogre hits you with a giant club! x2
Your skin crawls.
You feel resistant to hostile enchantments.
You feel somewhat more hungry.
The two-headed ogre hits you with a giant club!
The two-headed ogre hits you with a giant club!!
* * * LOW HITPOINT WARNING * * *
You almost manage to decipher the scroll, but fail in this attempt.
The two-headed ogre misses you.
The two-headed ogre hits you with a giant club!
You die...

........# ###
.......# #<# ......#
#.# .........# #.#
...#. ..###.#
#..#.##.#...#
.###[.#..#.#.########
.....#....O@<......#
#..####.########)#
#.......#
#...########
#.#.#....... .. #...#
.........?.....
..######..#O..#. .
#..# #...


You could see a two-headed ogre.

Vanquished Creatures
  Pikel (D:7)
  Duvessa (D:4)
  An ice beast (D:7)
  A sky beast (D:6)
  A phantom (D:3)
  An eye of draining (D:5)
  3 ogres
  2 centaurs (D:6)
  3 bullfrogs
  A scorpion (D:7)
  A water moccasin skeleton (D:7)
  Dowan (D:4)
  4 killer bees (D:7)
  A howler monkey (D:7)
  5 centaur zombies
  5 bullfrog zombies
  3 crimson imps
  3 orc wizards
  2 hounds
  2 jellies
  An orc priest (D:4)
  7 mummies (Ossuary)
  Ijyb (D:4)
  4 worker ants
  6 iguanas
  2 killer bee zombies (Ossuary)
  3 hound zombies (Ossuary)
  3 hound skeletons
  3 worker ant zombies
  A gnoll (D:1)
  12 adders
  An ooze (D:2)
  3 adder zombies (Ossuary)
  An adder skeleton (D:7)
  5 worms
  3 dart slugs
  5 leopard geckos
  13 orcs
  7 bats
  4 giant cockroaches
  13 goblins
  2 hobgoblins
  8 jackals
  A ball python (D:1)
  8 frilled lizards
  12 kobolds
  A leopard gecko skeleton (D:6)
  2 leopard gecko zombies (Ossuary)
  12 rats
  A withered plant (Ossuary)
187 creatures vanquished.

Vanquished Creatures (others)
  A withered plant (Ossuary)
1 creature vanquished.

Grand Total: 188 creatures vanquished

Notes
Turn   | Place    | Note
-------+----------+-------------------------------------------
     0 | D:1      | Supahsalami the Minotaur Berserker began the quest for the Orb.
     0 | D:1      | Reached XP level 1. HP: 19/19 MP: 0/0
    89 | D:1      | Reached XP level 2. HP: 17/27 MP: 1/1
   727 | D:1      | Reached XP level 3. HP: 33/33 MP: 2/2
   905 | D:2      | Reached ** piety under Trog
  1347 | D:2      | Reached XP level 4. HP: 41/41 MP: 3/3
  1532 | D:2      | Found an ancient bone altar of Kikubaaqudgha.
  1742 | D:2      | Found a radiant altar of Vehumet.
  1747 | D:2      | Found a deep blue altar of Sif Muna.
  1868 | D:3      | Noticed a phantom
  1902 | D:3      | Killed a phantom
  1902 | D:3      | Reached skill level 5 in Axes
  1902 | D:3      | Reached XP level 5. HP: 32/47 MP: 4/4
  2075 | D:3      | Reached skill level 5 in Fighting
  2081 | D:3      | Reached *** piety under Trog
  2465 | D:3      | Found a deep blue altar of Sif Muna.
  2581 | D:4      | Reached XP level 6. HP: 56/56 MP: 5/5
  2598 | D:4      | Found a sand-covered staircase.
  2599 | D:4      | Found an iron altar of Okawaru.
  2626 | D:4      | Got a crude leather armour
  2633 | Ossuary  | Entered an ossuary
  2785 | Ossuary  | Reached XP level 7. HP: 62/62 MP: 6/6
  2811 | Ossuary  | Reached skill level 5 in Armour
  2853 | Ossuary  | Reached **** piety under Trog
  2949 | Ossuary  | Reached skill level 5 in Dodging
  3055 | Ossuary  | Identified the cursed +1 leather armour of Ynaajeri {Str+3} (You found it on level 4 of the Dungeon)
  3087 | D:4      | Upgraded the game from 0.22-a0-525-gf69a080 to 0.22-a0-533-g4d20840
  3090 | D:4      | Found a staircase to the Ecumenical Temple.
  3099 | Temple   | Entered the Ecumenical Temple
  3456 | D:4      | Noticed Dowan
  3475 | D:4      | Killed Dowan
  3483 | D:4      | Noticed Duvessa
  3507 | D:4      | Killed Duvessa
  3754 | D:4      | Reached XP level 8. HP: 48/71 MP: 7/7
  3983 | D:4      | Noticed Ijyb
  3989 | D:4      | HP: 5/106 [acid (8)]
  3991 | D:4      | Killed Ijyb
  3992 | D:4      | HP: 1/106 [orc/mace (4)]
  4341 | D:5      | Entered Level 5 of the Dungeon
  4361 | D:5      | Got a scorched mace
  4366 | D:4      | Identified the +7 mace "Citem" {venom, Str+3} (You found it on level 5 of the Dungeon)
  5011 | D:5      | Found a sacrificial altar of Ru.
  5012 | D:5      | Found a glowing silver altar of Zin.
  5012 | D:5      | Found a hazy altar of Hepliaklqana.
  5016 | D:5      | Found a stormy altar of Qazlal.
  5071 | D:5      | Reached skill level 1 in Maces & Flails
  5120 | D:5      | Found Pilu's Magic Scroll Emporium.
  5148 | D:5      | Bought a scroll of identify for 22 gold pieces
  5148 | D:5      | Bought a scroll of enchant armour for 82 gold pieces
  5148 | D:5      | Bought a scroll of enchant weapon for 82 gold pieces
  5346 | D:5      | Found a white marble altar of Elyvilon.
  5520 | D:6      | Found Reahuer's Food Shop.
  5594 | D:6      | Reached ***** piety under Trog
  6100 | D:6      | Reached XP level 9. HP: 81/81 MP: 8/8
  6893 | D:7      | Reached skill level 5 in Maces & Flails
  7525 | D:7      | Noticed Pikel
  7531 | D:7      | Killed Pikel
  7575 | D:8      | Got an amethyst-encrusted scale mail
  7591 | D:8      | Identified the +2 scale mail of a sewer {-Cast Str+8 Int-4 Stlth+} (You found it on level 8 of the Dungeon)
  7591 | D:8      | Lost intelligence.
  7610 | D:8      | Noticed a two-headed ogre
  7625 | D:8      | Slain by a two-headed ogre

Vault maps used:
D:1:      eino_arrival_druids_welcome, hangedman_feature_mirror
D:2:      grunt_temple_overflow_magic_moments, first_ration
D:3:      led_sif_pool
D:4:      okawaru_ov_weapons_minmay, temple_statues, enter_ossuary_1, uniq_ijyb,
          uniq_duvessa
D:5:      elyvilon_altar_4, minitemple, serial_shops, nicolae_shop_waterfront
D:6:      serial_shops, nicolae_shop_crystal, hangedman_decor_slide_cut,
          grunt_decor_cap
D:7:      uniq_pikel
D:8:      uniq_erica
Temple:   minmay_temple_forest_path
Ossuary:  ossuary_zaba_flooded

Skill      XL: |  1  2  3  4  5  6  7  8  9 |
---------------+----------------------------+-----
Fighting       | 4 5 6 7 8 |  8.6
Axes           | 4 5 6 7 8 |  8.1
Armour         | 3 4 5 7 |  7.9
Dodging        | 3 4 5 6 7 |  7.2
Maces & Flails | 4 6 |  6.8

Action                   |  1- 3 |  4- 6 |  7- 9 || total
-------------------------+-------+-------+-------++-------
Melee: Hand axe          |    14 |       |       ||    14
       Headbutt          |    13 |    21 |    57 ||    91
       Whip              |    76 |   140 |   123 ||   339
       Mace              |       |       |   102 ||   102
 Fire: Hunting sling     |       |    39 |   104 ||   143
Throw: Tomahawk          |       |       |     4 ||     4
Invok: Berserk           |     1 |       |     2 ||     3
       Trog's Hand       |       |       |     2 ||     2
  Use: Scroll            |       |     5 |     3 ||     8
       Potion            |       |       |     2 ||     2
  Eat: Chunk             |     3 |     4 |    11 ||    18
       Ration            |       |       |     2 ||     2
Armor: Ring mail         |    41 |    38 |    68 ||   147
       Animal skin       |     1 |       |       ||     1
       Scale mail        |       |       |     3 ||     3
Dodge: Dodged            |    66 |    76 |   135 ||   277
Block: Other             |     5 |    11 |    17 ||    33
       Reflection        |     1 |     1 |       ||     2

Table legend:
 A = Spawn XP
 B = Non-spawn XP
 C = Spawn XP percentage of total XP
 D = Spawn monster count
 E = Non-spawn monster count
 F = Spawn count percentage of total count
 G = Total turns spent on level
                    A         B        C        D         E        F      G
               +---------+---------+-------+---------+---------+-------+---------
         Total |       0 |    4767 |   0.0 |       0 |     186 |   0.0 |  7625
               +---------+---------+-------+---------+---------+-------+---------
           D:1 |       0 |      45 |   0.0 |       0 |      22 |   0.0 |  1100
           D:2 |       0 |      98 |   0.0 |       0 |      31 |   0.0 |   764
           D:3 |       0 |     211 |   0.0 |       0 |      25 |   0.0 |   701
           D:4 |       0 |     403 |   0.0 |       0 |      15 |   0.0 |  1585
           D:5 |       0 |     466 |   0.0 |       0 |      20 |   0.0 |   553
           D:6 |       0 |     984 |   0.0 |       0 |      22 |   0.0 |  1269
           D:7 |       0 |    1642 |   0.0 |       0 |      22 |   0.0 |   813
           D:8 |       0 |     121 |   0.0 |       0 |       2 |   0.0 |    62
       Ossuary |       0 |     797 |   0.0 |       0 |      27 |   0.0 |   424
               +---------+---------+-------+---------+---------+-------+---------
